 Dungeon Crawl Stone Soup version 0.25-a0-458-g6fc7858b95 (webtiles) character file.

Game seed: 9100715292087482106, levelgen mode: deterministic

79 funkygono the Firebug (level 4, -3/30 HPs)
             Began as a Demonspawn Fire Elementalist on Feb 2, 2020.
             Slain by Terence
             ... wielding a +0 flail of protection
              (8 damage)
             ... on level 2 of the Dungeon.
             The game lasted 00:07:15 (2015 turns).

funkygono the Firebug (DsFE)                        Turns: 2015, Time: 00:07:15

Health: -3/30      AC:  3    Str:  9    XL:     4   Next: 16%
Magic:  0/7        EV: 12    Int: 17    God:
Gold:   44         SH:  0    Dex: 13    Spells: 4/8 levels left

rFire    + . .     SeeInvis .   i - -1 mace (curse)
rCold    . . .     Gourm    .   (no shield)
rNeg     . . .     Faith    .   j - +0 leather armour
rPois    .         Spirit   .   (no helmet)
rElec    .         Reflect  .   (no cloak)
rCorr    .         Harm     .   (no gloves)
MR       .....                  (no boots)
Stlth    +.........             (no amulet)
HPRegen  0.10/turn              f - ring of protection from fire
MPRegen  0.10/turn              (no ring)

@: very slightly contaminated, invisible
A: hooves 2, rot immunity
a: no special abilities


You were on level 2 of the Dungeon.
You were not hungry.

You visited 1 branch of the dungeon, and saw 2 of its levels.

You collected 44 gold pieces.

Inventory:

Hand Weapons
 g - a +0 club
 i - a cursed -1 mace (weapon)
Armour
 a - a +0 robe
 j - a +0 leather armour (worn)
Jewellery
 f - a ring of protection from fire (left hand)
Wands
 b - a wand of polymorph (9)
Scrolls
 d - a scroll of amnesia
 k - a scroll of identify {unknown}
 l - a scroll of teleportation
 m - a scroll of enchant weapon {unknown}
 n - 2 scrolls of blinking {unknown}
Potions
 h - a potion of flight {unknown}
 o - a potion of magic {unknown}
Comestibles
 c - 2 rations
 p - 3 chunks of flesh


   Skills:
 + Level 2.3 Dodging
 + Level 2.0 Stealth
 + Level 2.5 Spellcasting
 + Level 1.6 Conjurations
 + Level 3.6 Fire Magic


You had 4 spell levels left.
You knew the following spells:

 Your Spells              Type           Power        Failure   Level  Hunger
a - Foxfire               Conj/Fire      ##..         9%          1    #......
b - Conjure Flame         Conj/Fire      ##......     26%         3    ###....

Your spell library contained the following spells:

 Spells                   Type           Power        Failure   Level  Hunger
 Inner Flame              Hex/Fire       #.......     36%         3    ###....
 Sticky Flame             Conj/Fire      ##......     65%         4    #####..
 Fireball                 Conj/Fire      ##........   94%         5    ######.


Dungeon Overview and Level Annotations

Branches:
Dungeon (2/15)

Altars:

Annotations:
D:2 Terence


Innate Abilities, Weirdness & Mutations

You have hoof-like feet.
You are immune to rotting.


Message History

You conjure some foxfire!
Terence closely misses you.
It was a potion of invisibility.
You fade into invisibility!
The foxfire hits Terence but does no damage.
Terence is heavily wounded.
The foxfire hits Terence.
Terence is almost dead.
Terence closely misses you.
You are very lightly contaminated with residual magic.
You barely miss Terence.
Terence is almost dead.
Terence closely misses you.
You hit Terence but do no damage. Your kick misses Terence.
Terence is almost dead.
Terence closely misses you.
You catch the helpless Terence completely off-guard!
You hit Terence. Your kick misses Terence.
Terence is almost dead.
Terence hits you with a +0 flail of protection!
You die...

. .# #......§§§8.# #.##.##.#
#.##..#§§P8.# .......
#.....§§§§.P§ #...# #.##........#
#...#### #............
#####...##.###........<...
.#######.........#.##.##.........
................###..............
.#######.......@@#.##.#..##.##...
####....#..###.......##...
#....#.## ###........## #....#.#
#.######## #....#.# #.# #.#.##.#
#.######## ##......# #........##
#.....### ########... #.#...#
#.##


You could see Terence.

Vanquished Creatures
  Jessica (D:2)
  2 adders
  A worm (D:2)
  A dart slug (D:1)
  2 leopard geckos (D:1)
  6 bats
  3 giant cockroaches (D:1)
  3 goblins (D:1)
  2 hobgoblins (D:1)
  2 frilled lizards (D:1)
  2 kobolds
  A quokka zombie (D:2)
  6 rats
32 creatures vanquished.

Vanquished Creatures (others)
  92 foxfires
92 creatures vanquished.

Grand Total: 124 creatures vanquished

Notes
Turn   | Place    | Note
-------+----------+-------------------------------------------
     0 | D:1      | funkygono the Demonspawn Fire Elementalist began the quest
                  | for the Orb.
     0 | D:1      | Reached XP level 1. HP: 13/13 MP: 3/3
   146 | D:1      | Reached skill level 3 in Fire Magic
   172 | D:1      | Gained mutation: You have large cloven feet. [demonic
                  | ancestry]
   172 | D:1      | Reached XP level 2. HP: 19/19 MP: 3/5
   873 | D:2      | Gained mutation: You are immune to rotting. [demonic
                  | ancestry]
   873 | D:2      | Reached XP level 3. HP: 24/24 MP: 4/6
   878 | D:2      | Learned a level 3 spell: Conjure Flame
  1187 | D:2      | HP: 1/24 [poisoned by an adder]
  1573 | D:2      | Noticed Jessica
  1592 | D:2      | Killed Jessica
  1592 | D:2      | Gained mutation: You have hoof-like feet. [demonic
                  | ancestry]
  1592 | D:2      | Reached XP level 4. HP: 20/30 MP: 5/7
  1966 | D:2      | Noticed Terence
  2015 | D:2      | Slain by Terence

Levels and vault maps discovered:
D:1:      nzn_arrival_depleted_hourglass, layout_basic
D:2:      layout_loops_cross, serial_undead, serial_undead_f, serial_undead_c,
          serial_undead_e, serial_undead_e, uniq_sigmund, uniq_jessica,
          uniq_terence

Skill      XL: |  1  2  3 |
---------------+----------+-----
Fire Magic     | 3 |  3.6
Dodging        | 2 |  2.3
Stealth        | 2 |  2.0
Spellcasting   | |  2.5
Conjurations   | |  1.6

Action                   |  1- 3 |  4- 6 || total
-------------------------+-------+-------++-------
Melee: Club              |    14 |       ||    14
       Unarmed           |     6 |       ||     6
       Kick              |     3 |    13 ||    16
       Mace              |       |    30 ||    30
 Cast: Foxfire           |    44 |    16 ||    60
       Conjure Flame     |     1 |     1 ||     2
  Use: Scroll            |     3 |       ||     3
       Potion            |       |     1 ||     1
 Stab: Sleeping          |     1 |       ||     1
       Invisible         |       |     1 ||     1
  Eat: Ration            |     1 |       ||     1
       Chunk             |     1 |       ||     1
Armor: Robe              |     8 |       ||     8
       Leather armour    |       |     1 ||     1
Dodge: Dodged            |    38 |    26 ||    64

Table legend:
 A = Non-vault XP
 B = Vault XP
 C = Vault XP percentage of total XP
 D = Non-vault monster count
 E = Vault monster count
 F = Vault count percentage of total count
                 A         B        C        D         E       F
            +---------+---------+-------+---------+---------+-------
      Total |      75 |      38 |  33.6 |      30 |       2 |   6.2
            +---------+---------+-------+---------+---------+-------
        D:1 |      54 |       0 |   0.0 |      25 |       0 |   0.0
        D:2 |      21 |      38 |  64.4 |       5 |       2 |  28.6
            +---------+---------+-------+---------+---------+-------
